 Dungeon Crawl Stone Soup version 0.26-a0-597-gb535b0901c (webtiles) character file.

Game seed: 9770242967363000042

658752 ANON1729 the Ecstatic (level 27, 0/219 HPs)
             Began as a Demonspawn Delver on Aug 25, 2020.
             Was a Follower of Uskayaw.
             Killed from afar by an orb of fire (50 damage)
             ... with a fireball
             ... on level 4 of the Realm of Zot.
             The game lasted 02:19:05 (54836 turns).

ANON1729 the Ecstatic (Demonspawn Delver)          Turns: 54836, Time: 02:19:05

Health: 0/219      AC: 20    Str: 19 (21) XL:     27
Magic:  0/45       EV: 33    Int: 15      God:    Uskayaw [*.....]
Gold:   2983       SH:  0    Dex: 24      Spells: 34/36 levels left

rFire    + . .     SeeInvis .   F - +12 Vampire's Tooth {vamp}
rCold    + . .     Faith    .   (no shield)
rNeg     + + .     Spirit   +   Q - +4 moon troll leather armour {Spirit, Regen++ MP+5}
rPois    .         Reflect  .   y - +0 helmet {Int+3}
rElec    .         Harm     .   n - -1 cloak of Dishonesty {*Drain rN+ MR++ Regen+}
rCorr    +         Clarity  +   V - +1 pair of gloves {Dex+3}
MR       ++++.                  (boots unavailable)
Stlth    +++++++...             W - amulet of regeneration
HPRegen  2.06/turn              O - ring of Poiduni {rC+ EV+4}
MPRegen  0.29/turn              P - ring of resist corrosion

@: hasted and slowed
A: talons 3, molten scales 3, agile 1, clarity, deterioration 2, foul stench 2,
mutation resistance 1, negative energy resistance 1, powered by death 3, 50%
torment resistance, black mark, rot immunity, subdued magic 1
}: 4/15 runes: decaying, serpentine, slimy, silver
a: Stomp, Renounce Religion


You were on level 4 of the Realm of Zot.
You worshipped Uskayaw.
Uskayaw was extremely pleased with you.
You visited 10 branches of the dungeon, and saw 54 of its levels.
You also visited: Bailey and Gauntlet.

You collected 8548 gold pieces.
You spent 5565 gold pieces at shops.

Inventory:

Hand Weapons
 F - the +12 Vampire's Tooth (weapon) {vamp}
   (You bought it in a shop on level 6 of the Dungeon)

   It inflicts no extra harm, but heals its wielder when it wounds a living foe.
Armour
 n - the -1 cloak of Dishonesty (worn) {*Drain rN+ MR++ Regen+}
   (You bought it in a shop on level 2 of the Orcish Mines)

   It protects you from negative energy.
   It affects your resistance to hostile enchantments.
   It increases your rate of regeneration.
   It causes draining when unequipped.
 y - a +0 helmet of intelligence (worn)
 Q - the +4 moon troll leather armour (worn) {Spirit, Regen++ MP+5}
   (You bought it in a shop on level 5 of the Depths)

   It affects your magic capacity (+5).
   It increases your rate of regeneration.
 V - a +1 pair of gloves of dexterity (worn)
Jewellery
 k - the ring "Waebos" {Fire *Contam rPois Int+3 Slay+2}
   (You took it off a minotaur in a Gauntlet)

   [ring of fire]

   It enhances your fire magic.
   It affects your intelligence (+3).
   It affects your accuracy and damage with ranged weapons and melee attacks
   (+2).
   It protects you from fire.
   It makes you vulnerable to cold.
   It protects you from poison.
   It causes magical contamination when unequipped.
 L - the ring of the Forgotten Lovers {rF+ Dex+3 SInv}
   (You found it on level 2 of the Vaults)

   [ring of see invisible]

   It affects your dexterity (+3).
   It protects you from fire.
   It lets you see invisible.
 O - the ring of Poiduni (left hand) {rC+ EV+4}
   (You found it on level 2 of the Elven Halls)

   [ring of evasion]

   It affects your evasion (+4).
   It protects you from cold.
 P - a ring of resist corrosion (right hand)
 W - an amulet of regeneration (around neck)
Wands
 g - a wand of digging (18)
 j - a wand of acid (7)
 l - a wand of disintegration (13)
 w - a wand of iceblast (17)
 B - a wand of flame (17)
 G - a wand of paralysis (19)
 S - a wand of enslavement (24)
Scrolls
 c - 7 scrolls of fog
 d - 15 scrolls of magic mapping
 e - 10 scrolls of fear
 i - 16 scrolls of enchant armour
 o - 33 scrolls of remove curse
 s - 17 scrolls of amnesia
 t - 23 scrolls of teleportation
 v - 13 scrolls of enchant weapon
 C - 16 scrolls of immolation
 D - 5 scrolls of summoning
 E - a scroll of brand weapon
 H - a scroll of acquirement
 I - 7 scrolls of blinking
 K - 14 scrolls of identify
 M - 7 scrolls of vulnerability
Potions
 b - 4 potions of invisibility
 f - 7 potions of haste
 p - 3 potions of mutation
 q - 14 potions of brilliance
 r - 16 potions of lignification
 u - 4 potions of berserk rage
 x - 5 potions of magic
 z - 13 potions of flight
 A - 26 potions of curing
 N - 4 potions of stabbing
 T - 5 potions of ambrosia
 X - 6 potions of resistance
 Y - 7 potions of might
 Z - 8 potions of heal wounds
Miscellaneous
 a - a phial of floods (inert)
 h - a box of beasts (3/3)
 m - a phantom mirror
 J - a condenser vane (2/2)
 R - a tin of tremorstones (3/3)


   Skills:
 + Level 18.4 Fighting
 + Level 18.0(18.1) Short Blades
   Level 1.7(12.3) Long Blades
   Level 6.8 Axes
 + Level 16.7 Armour
 + Level 17.0 Dodging
 + Level 16.3 Stealth
 + Level 5.3 Spellcasting
 * Level 7.2 Transmutations
 + Level 26.9 Invocations
 + Level 17.3 Evocations


You had 34 spell levels left.
You knew the following spells:

 Your Spells              Type           Power        Failure   Level
a - Wereblood             Tmut           ###.....     1%          2

Your spell library contained the following spells:

 Spells                   Type           Power        Failure   Level
 Beastly Appendage        Tmut           ###...       1%          1
 Sting                    Tmut/Pois      ##..         3%          1
 Passwall                 Tmut/Erth      ##......     4%          2
 Spider Form              Tmut/Pois      ##........   10%         3
 Animate Skeleton         Necr           #.....       16%         1
 Apportation              Tloc           #.....       16%         1
 Corona                   Hex            #......      16%         1
 Foxfire                  Conj/Fire      #...         16%         1
 Freeze                   Ice            #...         16%         1
 Magic Dart               Conj           #...         16%         1
 Pain                     Necr           #...         16%         1
 Sandblast                Erth           #.....       16%         1
 Shock                    Conj/Air       #...         16%         1
 Summon Small Mammal      Summ           #...         16%         1
 Ignite Poison            Fire/Tmut/Pois #.......     17%         3
 Blink                    Tloc           N/A          22%         2
 Corpse Rot               Necr/Air       N/A          22%         2
 Ensorcelled Hibernation  Hex/Ice        #.....       22%         2
 Poisonous Vapours        Pois/Air       #.....       22%         2
 Slow                     Hex            #.......     22%         2
 Sublimation of Blood     Necr           #.........   22%         2
 Swiftness                Air            #.......     22%         2
 Blade Hands              Tmut           ###.......   22%         5
 Ice Form                 Ice/Tmut       ##......     32%         4
 Petrify                  Tmut/Erth      ##......     32%         4
 Confusing Touch          Hex            #.......     43%         3
 Conjure Flame            Conj/Fire      #.......     43%         3
 Dazzling Flash           Conj/Hex       #.....       43%         3
 Frozen Ramparts          Ice            #.....       43%         3
 Gell's Gravitas          Tloc           #.........   43%         3
 Inner Flame              Hex/Fire       #.......     43%         3
 Lesser Beckoning         Tloc           #.........   43%         3
 Mephitic Cloud           Conj/Pois/Air  #.......     43%         3
 Ozocubu's Armour         Ice            #.......     43%         3
 Portal Projectile        Hex/Tloc       #.....       43%         3
 Static Discharge         Conj/Air       #.......     43%         3
 Stone Arrow              Conj/Erth      #.....       43%         3
 Teleport Other           Tloc           #.......     43%         3
 Tukima's Dance           Hex            #.......     43%         3
 Vampiric Draining        Necr           #.........   43%         3
 Alistair's Intoxication  Tmut/Pois      ##.......    69%         5
 Irradiate                Conj/Tmut      ##........   69%         5
 Yara's Violent Unravell  Hex/Tmut       ##........   69%         5
 Hydra Form               Tmut           ###.......   77%         6
 Animate Dead             Necr           #.........   85%         4
 Dispel Undead            Necr           #.......     85%         4
 Hailstorm                Conj/Ice       #.......     85%         4
 Iskenderun's Mystic Bla  Conj/Tloc      #.......     85%         4
 Leda's Liquefaction      Hex/Erth       #.........   85%         4
 Olgreb's Toxic Radiance  Pois           #.......     85%         4
 Passage of Golubria      Tloc           N/A          85%         4
 Sticky Flame             Conj/Fire      #.......     85%         4
 Summon Ice Beast         Ice/Summ       #.......     85%         4
 Summon Lightning Spire   Summ/Air       #.......     85%         4
 Agony                    Necr           #.......     99%         5
 Bolt of Magma            Conj/Fire/Erth #.........   99%         5
 Borgnjor's Vile Clutch   Necr/Erth      #.........   99%         5
 Excruciating Wounds      Necr           #.........   99%         5
 Fireball                 Conj/Fire      #.........   99%         5
 Iskenderun's Battlesphe  Conj           #.......     99%         5
 Lee's Rapid Deconstruct  Erth           #.........   99%         5
 Lightning Bolt           Conj/Air       #.........   99%         5
 Metabolic Englaciation   Hex/Ice        #.........   99%         5
 Silence                  Hex/Air        #.........   99%         5
 Summon Demon             Summ           #.........   99%         5
 Summon Forest            Summ/Tloc      #.........   99%         5
 Summon Mana Viper        Hex/Summ       #.......     99%         5
 Eringya's Noxious Bog    Tmut/Pois      ##........   99%         6
 Statue Form              Tmut/Erth      ##.......    99%         6
 Conjure Ball Lightning   Conj/Air       #.........   100%        6
 Death Channel            Necr           #.........   100%        6
 Dispersal                Tloc           #.........   100%        6
 Invisibility             Hex            #.......     100%        6
 Iron Shot                Conj/Erth      #.........   100%        6
 Ozocubu's Refrigeration  Ice            #.........   100%        6
 Shadow Creatures         Summ           N/A          100%        6
 Simulacrum               Ice/Necr       #.........   100%        6
 Dragon Form              Tmut           ###.......   100%        7
 Haunt                    Necr/Summ      #.........   100%        7
 Orb of Destruction       Conj           #.........   100%        7
 Spellforged Servitor     Conj/Summ      #.........   100%        7
 Summon Hydra             Summ           #.........   100%        7
 Borgnjor's Revivificati  Necr           #.........   100%        8
 Chain Lightning          Conj/Air       #.........   100%        8
 Disjunction              Tloc           #.........   100%        8
 Ignition                 Fire           #.........   100%        8
 Infestation              Necr           #.........   100%        8
 Lehudib's Crystal Spear  Conj/Erth      #.........   100%        8
 Necromutation            Tmut/Necr      ##........   100%        8
 Absolute Zero            Ice            #.........   100%        9
 Death's Door             Necr           #.........   100%        9
 Fire Storm               Conj/Fire      #.........   100%        9
 Shatter                  Erth           #.........   100%        9
 Tornado                  Air            #.........   100%        9


Dungeon Overview and Level Annotations

Branches:
Dungeon (15/15)            Temple (0/1) D:6            Lair (6/6) D:10
  Swamp (4/4) Lair:2        Snake (4/4) Lair:3        Slime (5/5) Lair:5
    Orc (2/2) D:11            Elf (3/3) Orc:2        Vaults (5/5) D:13
  Crypt (0/3) Vaults:3     Depths (5/5) D:15            Zot (5/5) Depths:5
 Bailey (visited)         Gauntlet (visited)

Altars:
Dithmenos
Elyvilon
Kikubaaqudgha
Makhleb
Nemelex Xobeh
Ru
Trog
Uskayaw
Wu Jian
Xom
Jiyva

Shops:
D:6 ?(   Orc:2 [=(   Elf:2 [   Elf:3 [   Snake:1 ?   Snake:3 }}=   Snake:4 }
Vaults:4 !   Vaults:5 ?   Depths:1 *   Depths:2 **   Depths:3 (   Depths:5 [

Portals:
Hell: Depths:1 Depths:2 Depths:3 Depths:4 Depths:5
Abyss: Depths:1 Depths:4
Pandemonium: Depths:1 Depths:3 Depths:5
Ziggurat: Depths:4
Trove: Vaults:4 (give 2 scrolls of acquirement)

Annotations:
D:11 1 runed translucent door, hab5's ghost, journeyman MiBe
Lair:3 1 runed translucent door, Fyemolisk's ghost, journeyman KoGl; Rupert
Slime:5 2 exclusions
Elf:2 3 runed translucent doors
Depths:5 5 runed translucent doors


Innate Abilities, Weirdness & Mutations

You have claws for feet.
You are completely covered in molten scales. (AC +4, rF+)
You frequently emit foul miasma when damaged in melee.
You resist negative energy. (rN+)
You regenerate a lot of health from kills.
You are somewhat able to resist unholy torments (1 in 2 success).
Your melee attacks may debilitate your foes.
You are immune to rotting.
You are agile. (Dex +2)
You possess an exceptional clarity of mind.
Your body often deteriorates upon taking damage.
You are somewhat resistant to further mutation.
Your spells are a little easier to cast, but a little less powerful.


Message History

As you read the scroll of blinking, it crumbles to dust.
The orb of fire glows bright magenta.
Strange energies course through your body.
You feel odd for a moment.
You close the door.
Okay, then.
Unknown command.
Okay, then.
You feel much better.
You can no longer pass through a line of other dancers.
The orb of fire glows yellow.
The bolt of fire hits you!! You resist.
* * * LOW HITPOINT WARNING * * *
Okay, then.
As you read the scroll of fog, it crumbles to dust.
The scroll dissolves into smoke.
You feel yourself speed up.
The orb of fire emits a lurid red light.
The fireball explodes!
The fireball engulfs you!!! You resist.
You die...

.## #.......'.###...###.....# ..#
#.......#........###..#.. ..##
#..>....######......#.#.. ...#
##..*..##...#....##...##. ...###
##...##..#.#*..###.#.... .....##
####+###.##.....#...#..##
#.....###......§§§.§....##..###..
.......#.....#.#§#*#+#'##...##...
...#...#######.#@§##...##....####
#..#.....###...#§##.....###..##..
####.......#..#####+#....##.#....
.###.#.....##..##...##....#.#....
..'..###....####.....##...'......
..#....##=.####.......##..#.#####
..'.....#.##.[†........'.##......
.##..#'#..#..#.........######.###
##.###.##...##.........##..#...#


You could see an orb of fire.

Vanquished Creatures
  the Royal Jelly (Slime:5)
  2 ancient liches
  An orb of fire (Zot:5)
  Mara (Vaults:3)
  A juggernaut (Depths:2)
  Sojobo (Vaults:5)
  Bai Suzhen (Snake:3)
  Frederick (Vaults:5)
  Saint Roka (Depths:4)
  Nikola (Elf:3)
  Jory (Vaults:5)
  the Enchantress (Depths:2)
  13 golden dragons
  2 bone dragons (Depths:5)
  2 electric golems
  The ghost of Vusucy the Earth Mage, an adept GrEE of Sif Muna (Vaults:2)
  18 tentacled monstrosities
  The ghost of Kuqudo the Demolition Dwarf, an adept DDFi of Makhleb (Vaults:2)
  Asterion (Vaults:2)
  5 Orb Guardians
  6 liches
  5 titans
  19 acid blobs
  4 deep elf master archers (Elf:3)
  5 deep elf blademasters
  8 sphinxes
  8 death cobs
  2 quicksilver dragons (Zot:4)
  Kirke (Swamp:4)
  Frances (Swamp:1)
  7 draconian monks
  6 shadow dragons
  A thorn hunter (Swamp:4)
  The ghost of Eskumado the Stormcaller, an adept DgAE (Elf:1)
  8 tengu reavers
  Roxanne (Snake:3)
  Donald (Snake:4)
  The ghost of Renjy the Unseen, an adept KoGl of Okawaru (Orc:2)
  7 nagarajas
  21 azure jellies
  13 storm dragons
  8 deep elf sorcerers
  8 fire giants
  A revenant (Vaults:3)
  2 iron dragons
  3 ghost moths
  An orc warlord (Orc:2)
  6 draconian scorchers
  8 frost giants
  A balrug (Depths:5)
  5 deep elf elementalists
  22 vault wardens
  6 draconian shifters
  7 draconian annihilators
  5 draconian knights
  3 draconian stormcallers
  3 spriggan defenders (Depths:2)
  17 ironheart preservers
  21 very ugly things
  3 war gargoyles (Vaults:5)
  19 stone giants
  The ghost of Keaj the Unseen, an adept FeCK of Zin (Vaults:2)
  15 green draconians
  An entropy weaver (Vaults:3)
  Nessos (Lair:4)
  11 black draconians
  A deep elf demonologist (Elf:3)
  A minotaur (Gauntlet)
  2 vampire knights
  12 white draconians
  12 red draconians
  10 deep elf annihilators
  12 purple draconians
  9 yellow draconians
  10 spark wasps
  Snorg (Lair:5)
  8 deep elf death magi
  13 fire dragons
  16 ettins
  17 yaktaur captains
  2 green deaths (Swamp:4)
  20 death oozes
  Josephine (Lair:5)
  11 great orbs of eyes
  3 deep elf high priests
  15 hydras
  36 vault guards
  7 ice dragons
  3 ghost crabs
  22 naga warriors
  3 hell beasts
  A catoblepas (Lair:2)
  17 ogre magi
  4 spriggan air magi (Depths:2)
  2 shambling mangroves
  3 rakshasas
  Erolcha (D:13)
  The ghost of Bonieng the Grappler, a journeyman VSTm of Kikubaaqudgha (Lair:4)
  7 centaur warriors
  Erica (D:11)
  10 anacondas
  49 two-headed ogres
  9 dancing weapons
  7 tengu warriors
  A death knight (Vaults:4)
  10 alligators
  14 deep troll shamans
  3 vampire magi
  6 death yaks (Lair:3)
  13 naga sharpshooters
  4 spriggan berserkers
  15 deep elf knights
  Sonja (Lair:2)
  4 shock serpents
  5 shadow wraiths
  8 deep troll earth magi
  8 skeletal warriors
  A fire crab (shapeshifter) (D:13)
  8 iron trolls
  2 unseen horrors (shapeshifter)
  4 salamander mystics
  2 sea snakes
  A glowing orange brain (shapeshifter) (Vaults:5)
  32 deep trolls
  5 unseen horrors
  7 naga ritualists
  A glowing orange brain (Slime:4)
  3 spriggan druids
  5 flayed ghosts
  6 wizards
  10 swamp dragons
  An orange crystal statue (Depths:2)
  3 necromancers
  4 phantasmal warriors (Vaults:5)
  21 deep elf archers
  A harpy (shapeshifter) (Vaults:2)
  16 ironbrand convokers
  12 orc knights
  2 large abominations (Swamp:4)
  8 mana vipers
  7 cyclopes
  50 ugly things
  48 deep elf magi
  6 manticores
  A wolf spider (shapeshifter) (Vaults:2)
  21 salamanders
  5 shining eyes
  6 orc sorcerers
  An oklob plant (Lair:6)
  4 wolf spiders
  6 guardian serpents
  25 moths of wrath
  An ice statue (Gauntlet)
  A centaur zombie (D:14)
  4 eyes of devastation
  A black mamba (shapeshifter) (Vaults:3)
  14 vault sentinels
  9 naga magi
  3 orange demons (Swamp:4)
  A rust devil (Depths:3)
  A gargoyle (D:12)
  A torpor snail (shapeshifter) (Vaults:5)
  46 black mambas
  3 centaur skeletons
  A kobold demonologist (D:15)
  32 cane toads
  8 rime drakes
  55 yaktaurs
  A komodo dragon (shapeshifter) (Depths:2)
  5 komodo dragons
  2 ice devils (D:11)
  2 minotaur zombies (Gauntlet)
  A rime drake (shapeshifter) (Vaults:4)
  7 freezing wraiths
  A hellwing (Depths:5)
  A polar bear (Lair:6)
  A red devil (Depths:3)
  4 tengu conjurers
  A hornet (shapeshifter) (Vaults:4)
  A troll (shapeshifter) (Depths:4)
  2 polar bears (shapeshifter)
  12 trolls
  A meliai (shapeshifter) (Vaults:3)
  8 tyrant leeches
  12 hornets
  108 slime creatures
  14 bog bodies
  A blink frog (shapeshifter) (Vaults:3)
  2 hippogriffs (shapeshifter)
  16 blink frogs
  7 dream sheep (Lair:6)
  7 hippogriffs
  2 air elementals
  Sigmund (D:2)
  8 spriggans
  A spriggan (shapeshifter) (Vaults:3)
  4 shadows
  2 hogs (Swamp:4)
  15 water elementals
  42 yaks
  Grum (D:8)
  A redback (Vaults:3)
  A vampire (D:11)
  A fire elemental (Elf:1)
  A basilisk (shapeshifter) (Depths:2)
  3 humans (shapeshifter)
  5 wyverns
  23 vampire mosquitoes
  17 humans (D:13)
  13 golden eyes
  11 wraiths
  A basilisk (Lair:5)
  A steam dragon (shapeshifter) (Vaults:5)
  75 nagas
  12 wargs
  An acid dragon (Vaults:1)
  18 swamp worms
  17 water moccasins
  14 porcupines
  42 orc warriors
  5 black bears
  4 swamp drakes
  5 ice beasts
  An elephant zombie (Lair:5)
  3 eyes of draining
  6 sky beasts
  2 phantoms (D:10)
  3 wolves (D:8)
  61 ogres
  8 boggarts
  23 centaurs
  An ogre (shapeshifter) (Depths:4)
  23 crocodiles
  A crocodile (shapeshifter) (Vaults:4)
  2 big kobolds
  A human zombie (Vaults:1)
  A komodo dragon zombie (Lair:5)
  4 small abominations (Gauntlet)
  20 bullfrogs
  5 earth elementals
  A gnoll sergeant (D:8)
  A cane toad simulacrum (Lair:4)
  5 scorpions
  A blink frog simulacrum (Lair:4)
  14 wights
  A dream sheep simulacrum (Lair:4)
  6 killer bees (D:10)
  2 human simulacra (Vaults:1)
  9 electric eels
  2 crimson imps (Depths:5)
  2 bullfrog zombies
  A quasit (D:8)
  A bullfrog skeleton (D:13)
  5 jellies
  13 orc priests
  3 hounds
  20 orc wizards
  2 iguanas (D:4)
  11 worker ants
  2 polar bear simulacra (Lair:4)
  A crocodile zombie (Lair:5)
  A hound zombie (D:8)
  4 worker ant zombies
  6 gnolls
  A howler monkey skeleton (D:6)
  10 adders
  2 shadow imps
  2 white imps
  2 ufetubi (D:5)
  An ooze (D:2)
  An adder skeleton (D:6)
  3 worms
  A dart slug (D:1)
  A leopard gecko (D:1)
  101 orcs
  2 giant cockroaches
  16 goblins
  7 hobgoblins
  5 jackals
  2 quokkas
  2 ball pythons
  7 bats
  7 frilled lizards
  A jackal zombie (D:5)
  26 kobolds
  6 rats
  2 briar patches (Swamp:4)
2378 creatures vanquished.

Vanquished Creatures (collateral kills)
  2 acid blobs (Slime:5)
  An azure jelly (Slime:5)
3 creatures vanquished.

Vanquished Creatures (others)
  An ogre mage (Depths:1)
  A dancing weapon (Elf:1)
  A deep elf mage (Elf:1)
  An ettin zombie (Vaults:1)
  2 humans (Swamp:4)
  A naga (Snake:2)
  A boggart (Depths:2)
  An orc (Orc:2)
  A quokka (D:14)
  2 briar patches (Swamp:4)
  31 fungi
  107 plants
  2 withered plants (Elf:1)
152 creatures vanquished.

Grand Total: 2533 creatures vanquished

Notes
Turn   | Place    | Note
-------+----------+-------------------------------------------
     0 | D:5      | ANON1729 the Demonspawn Delver began the quest for the Orb.
     0 | D:5      | Reached XP level 1. HP: 18/18 MP: 1/1
     5 | D:5      | Got a shimmering hand axe
     6 | D:5      | Identified the +9 hand axe of Subjectivity {venom, rC+
                  | Str+4 SInv Stlth-} (You found it on level 5 of the Dungeon)
    36 | D:5      | Noticed an ogre
    48 | D:5      | Killed an ogre
    48 | D:5      | Reached skill level 5 in Stealth
    48 | D:5      | Gained mutation: You have sharp toenails. [demonic
                  | ancestry]
    48 | D:5      | Reached XP level 2. HP: 9/25 MP: 2/2
    48 | D:5      | Gained mutation: You are immune to rotting. [demonic
                  | ancestry]
    48 | D:5      | Reached XP level 3. HP: 11/30 MP: 3/3
    48 | D:5      | Gained mutation: You are partially covered in molten
                  | scales. (AC +2) [demonic ancestry]
    48 | D:5      | Reached XP level 4. HP: 14/37 MP: 4/4
   327 | D:5      | Reached XP level 5. HP: 36/42 MP: 5/5
   365 | D:5      | Noticed an ogre
   377 | D:5      | Killed an ogre
   377 | D:5      | Reached skill level 1 in Armour
   469 | D:5      | Noticed an ogre
   499 | D:5      | Killed an ogre
   499 | D:5      | Gained mutation: You regenerate a little health from kills.
                  | [demonic ancestry]
   499 | D:5      | Reached XP level 6. HP: 16/49 MP: 6/6
   714 | D:5      | Noticed a sky beast
   723 | D:5      | Killed a sky beast
   903 | D:4      | Reached skill level 5 in Fighting
   903 | D:4      | Gained mutation: You regenerate health from kills. [demonic
                  | ancestry]
   903 | D:4      | Reached XP level 7. HP: 45/56 MP: 7/7
  1043 | D:4      | You fall into a shaft and drop 1 floor!
  1937 | D:2      | Noticed Sigmund
  1942 | D:2      | Found a faded altar of an unknown god.
  1948 | D:2      | Killed Sigmund
  1948 | D:2      | Gained mutation: You are mostly covered in molten scales.
                  | (AC +3) [demonic ancestry]
  1948 | D:2      | Reached XP level 8. HP: 64/64 MP: 8/8
  1988 | D:2      | Became a worshipper of Uskayaw the Reveler
  1988 | D:2      | Reached * piety under Uskayaw
  2194 | D:2      | Found a shadowy altar of Dithmenos.
  2897 | D:6      | Reached skill level 1 in Invocations
  2897 | D:6      | Reached ** piety under Uskayaw
  3009 | D:6      | Got a smoking robe
  3020 | D:6      | Identified the +1 robe "Cuonilisk" {rN+ Int+3 Dex+4} (You
                  | found it on level 6 of the Dungeon)
  3055 | D:6      | Found Vuguoboh's Weapon Boutique.
  3118 | D:6      | Reached skill level 5 in Dodging
  3118 | D:6      | Reached skill level 2 in Invocations
  3170 | D:6      | Reached skill level 1 in Axes
  3279 | D:6      | Reached skill level 3 in Invocations
  3326 | D:6      | Found a staircase to the Ecumenical Temple.
  3555 | D:6      | Found Doynuc's Magic Scroll Boutique.
  3809 | D:7      | Reached skill level 1 in Short Blades
  3834 | D:7      | Noticed a hornet
  3839 | D:7      | Killed a hornet
  3839 | D:7      | Reached skill level 4 in Invocations
  3857 | D:7      | Reached *** piety under Uskayaw
  3885 | D:7      | Reached XP level 9. HP: 50/71 MP: 12/12
  3931 | D:7      | Reached **** piety under Uskayaw
  3936 | D:7      | Reached ***** piety under Uskayaw
  3961 | D:7      | Found a sparkling altar of Nemelex Xobeh.
  3967 | D:7      | Reached skill level 5 in Invocations
  4495 | D:8      | Reached skill level 6 in Invocations
  4937 | D:8      | Noticed Grum
  4946 | D:8      | Killed Grum
  5075 | D:8      | Reached skill level 7 in Invocations
  5195 | D:8      | Reached skill level 5 in Armour
  5195 | D:8      | Reached XP level 10. HP: 63/79 MP: 15/15
  5691 | D:9      | Reached skill level 1 in Evocations
  5699 | D:9      | Found a flagged portal.
  5783 | Bailey   | Entered a bailey
  5889 | Bailey   | Reached skill level 8 in Invocations
  6276 | D:9      | Reached skill level 5 in Short Blades
  6338 | D:9      | Found an ornate altar of the Wu Jian Council.
  6556 | D:9      | Found a bloodstained altar of Trog.
  6559 | D:9      | Found a hide-covered altar of Uskayaw.
  6562 | D:9      | Found a burning altar of Makhleb.
  6565 | D:9      | Found a sacrificial altar of Ru.
  6620 | D:9      | Noticed a two-headed ogre
  6634 | D:9      | Killed a two-headed ogre
  6751 | D:10     | Entered Level 10 of the Dungeon
  6846 | D:10     | Reached skill level 9 in Invocations
  6879 | D:10     | Gained mutation: You may emit foul miasma when damaged in
                  | melee. [demonic ancestry]
  6879 | D:10     | Reached XP level 11. HP: 67/85 MP: 17/17
  6879 | D:10     | Reached ****** piety under Uskayaw
  6938 | D:10     | Noticed a two-headed ogre
  6945 | D:10     | Killed a two-headed ogre
  7287 | D:10     | Found a staircase to the Lair.
  7516 | D:11     | Got an ichor-stained scale mail
  7534 | D:11     | Identified the +7 scale mail of Herutag {rElec Regen+} (You
                  | found it on level 11 of the Dungeon)
  7574 | D:11     | Noticed an ettin
  7641 | D:11     | Noticed Erica
  7654 | D:11     | Killed Erica
  7654 | D:11     | Reached skill level 10 in Invocations
  7680 | D:11     | Found a staircase to the Orcish Mines.
  7686 | D:11     | Found a gate leading to a gauntlet.
  7697 | Gauntlet | Entered a Gauntlet
  7697 | Gauntlet | Found a transporter.
  7697 | Gauntlet | Found a transporter.
  7701 | Gauntlet | Found a transporter.
  7702 | Gauntlet | Found a transporter.
  7705 | Gauntlet | Found a transporter.
  7705 | Gauntlet | Found a transporter.
  7741 | Gauntlet | Found a runed translucent door.
  7744 | Gauntlet | Found a transporter.
  7746 | Gauntlet | Found a transporter.
  7748 | Gauntlet | Noticed a great orb of eyes
  7759 | Gauntlet | Found a transporter.
  7759 | Gauntlet | Noticed a purple ugly thing
  7773 | Gauntlet | Noticed a death ooze
  7776 | Gauntlet | Found a transporter.
  7791 | Gauntlet | Found a transporter.
  7795 | Gauntlet | Found a transporter.
  7800 | Gauntlet | Noticed a catoblepas
  8063 | Gauntlet | Killed a purple ugly thing
  8063 | Gauntlet | Reached skill level 5 in Axes
  8076 | Gauntlet | Killed a great orb of eyes
  8081 | Gauntlet | Got a bloodstained hand crossbow
  8106 | Gauntlet | Identified the ring "Waebos" {Fire *Contam rPois Int+3
                  | Slay+2}
  8106 | Gauntlet | Noticed a minotaur
  8131 | Gauntlet | Killed a minotaur
  8163 | Gauntlet | Found the +8 whip "Snakebite" {curare, rPois}
  8394 | D:11     | Gained mutation: You frequently emit foul miasma when
                  | damaged in melee. [demonic ancestry]
  8394 | D:11     | Reached XP level 12. HP: 94/94 MP: 20/20
  8448 | D:11     | Reached skill level 11 in Invocations
  8669 | D:11     | Identified a scroll of acquirement
  8669 | D:11     | Acquired 980 gold pieces
  8803 | D:6      | Bought the +12 Vampire's Tooth {vamp} for 840 gold pieces
  8803 | D:6      | Found the +12 Vampire's Tooth {vamp}
  8948 | Lair:1   | Entered Level 1 of the Lair of Beasts
  8998 | Lair:1   | Found a sparkling altar of Nemelex Xobeh.
  9905 | Lair:2   | Noticed Sonja
  9908 | Lair:2   | Killed Sonja
 10114 | Lair:2   | Reached skill level 5 in Evocations
 10271 | Lair:2   | Noticed a catoblepas
 10288 | Lair:2   | Killed a catoblepas
 10396 | Lair:2   | Reached skill level 12 in Invocations
 10624 | Lair:2   | Found a staircase to the Swamp.
 10847 | Lair:3   | Noticed Rupert
 10898 | Lair:3   | Found a runed translucent door.
 10899 | Lair:3   | Found a shimmering altar of Xom.
 10899 | Lair:3   | Noticed Fyemolisk's ghost (journeyman KoGl)
 11027 | Lair:3   | Noticed a death yak
 11028 | Lair:3   | Noticed a death yak
 11028 | Lair:3   | Noticed a death yak
 11029 | Lair:3   | Noticed a death yak
 11029 | Lair:3   | Noticed a death yak
 11030 | Lair:3   | Noticed a death yak
 11047 | Lair:3   | Killed a death yak
 11064 | Lair:3   | Killed a death yak
 11071 | Lair:3   | Killed a death yak
 11074 | Lair:3   | Killed a death yak
 11087 | Lair:3   | Killed a death yak
 11087 | Lair:3   | Gained mutation: You are completely covered in molten
                  | scales. (AC +4, rF+) [demonic ancestry]
 11087 | Lair:3   | Reached XP level 13. HP: 101/101 MP: 22/22
 11104 | Lair:3   | Found a staircase to the Snake Pit.
 11460 | Lair:4   | Noticed Nessos
 11462 | Lair:4   | Killed Nessos
 11647 | Lair:4   | Found a runed translucent gate.
 11647 | Lair:4   | Found a runed translucent gate.
 11647 | Lair:4   | Found a runed translucent gate.
 11807 | Lair:4   | Noticed Bonieng's ghost (journeyman VSTm)
 12195 | Lair:4   | Reached skill level 13 in Invocations
 12222 | Lair:4   | Killed Bonieng's ghost
 12269 | Lair:4   | Got the ring "Naothogh" {Fire}
 12271 | Lair:4   | Identified the ring "Naothogh" {Fire rElec MR- Dex+9} (You
                  | found it on level 4 of the Lair of Beasts)
 12390 | Lair:5   | Found a staircase to the Slime Pits.
 12390 | Lair:5   | Found a viscous altar of Jiyva.
 12431 | Lair:5   | Noticed Snorg
 12445 | Lair:5   | Killed Snorg
 12555 | Lair:5   | Noticed Josephine
 12583 | Lair:5   | Killed Josephine
 13117 | Lair:6   | Entered Level 6 of the Lair of Beasts
 13313 | Lair:6   | Gained mutation: You have razor-sharp toenails. [demonic
                  | ancestry]
 13313 | Lair:6   | Reached XP level 14. HP: 109/109 MP: 24/24
 13328 | Lair:6   | Reached skill level 10 in Short Blades
 13336 | Lair:6   | Reached skill level 14 in Invocations
 13469 | Lair:6   | Reached skill level 10 in Fighting
 13626 | Lair:6   | Identified Etufopp's Guide on Freezing Attacks
 13632 | Lair:6   | Identified the +4 short sword "Spiderbane" {protect, rElec
                  | rPois rN+ Str+2} (You found it on level 6 of the Lair of
                  | Beasts)
 14501 | D:11     | Found a runed translucent door.
 14504 | D:11     | Noticed hab5's ghost (journeyman MiBe)
 14637 | D:11     | Identified the Catalogue of the Congealing Oath
 15805 | D:13     | Noticed Erolcha
 15815 | D:13     | Killed Erolcha
 16054 | D:13     | Reached skill level 15 in Invocations
 16259 | D:13     | Found a gate to the Vaults.
 16505 | D:14     | Reached XP level 15. HP: 117/117 MP: 26/26
 16978 | D:14     | Found a white marble altar of Elyvilon.
 17695 | D:15     | Entered Level 15 of the Dungeon
 17895 | D:15     | Reached skill level 16 in Invocations
 18039 | D:15     | Paralysed by an orc sorcerer for 7 turns
 18062 | D:15     | Found a staircase to the Depths.
 18182 | D:15     | Reached skill level 10 in Dodging
 18509 | Orc:1    | Entered Level 1 of the Orcish Mines
 18807 | Orc:2    | Entered Level 2 of the Orcish Mines
 18973 | Orc:2    | Noticed an orc warlord
 18988 | Orc:2    | Killed an orc warlord
 18996 | Orc:2    | Found Nemuup's Antique Armour Shop.
 19050 | Orc:2    | Gained mutation: You have claws for feet. [demonic
                  | ancestry]
 19050 | Orc:2    | Reached XP level 16. HP: 125/125 MP: 28/28
 19096 | Orc:2    | Found Javoat's Distillery.
 19122 | Orc:2    | Found Roteo's Jewellery Shop.
 19123 | Orc:2    | Found Ewu Bexzoi's Weapon Emporium.
 19125 | Orc:2    | Bought a heavily runed cloak for 304 gold pieces
 19142 | Orc:2    | Bought a potion of berserk rage for 60 gold pieces
 19142 | Orc:2    | Bought a potion of haste for 120 gold pieces
 19142 | Orc:2    | Bought a potion of curing for 36 gold pieces
 19142 | Orc:2    | Bought a potion of brilliance for 48 gold pieces
 19142 | Orc:2    | Bought a potion of mutation for 96 gold pieces
 19142 | Orc:2    | Bought a potion of lignification for 36 gold pieces
 19142 | Orc:2    | Bought 2 potions of lignification for 72 gold pieces
 19142 | Orc:2    | Bought a potion of brilliance for 48 gold pieces
 19142 | Orc:2    | Bought a potion of might for 48 gold pieces
 19142 | Orc:2    | Bought a potion of curing for 36 gold pieces
 19158 | Orc:2    | Found a transporter.
 19165 | Orc:2    | Noticed Renjy's ghost (adept KoGl)
 19167 | Orc:2    | Found a staircase to the Elven Halls.
 19177 | Orc:2    | Found a transporter.
 19237 | Orc:2    | Identified the -1 cloak of Dishonesty {*Drain rN+ MR++
                  | Regen+} (You bought it in a shop on level 2 of the Orcish
                  | Mines)
 19748 | Orc:2    | Killed Renjy's ghost
 19748 | Orc:2    | Reached skill level 17 in Invocations
 20059 | Elf:1    | Entered Level 1 of the Elven Halls
 20249 | Elf:1    | Reached skill level 10 in Armour
 20900 | Elf:1    | Found a runed translucent door.
 20900 | Elf:1    | Noticed Eskumado's ghost (adept DgAE)
 20936 | Elf:1    | Killed Eskumado's ghost
 21492 | Elf:2    | Got a transparent amber ring
 21616 | Elf:2    | Found a runed translucent gate.
 21616 | Elf:2    | Found a runed translucent gate.
 21617 | Elf:2    | Found a runed translucent gate.
 21678 | Elf:2    | Found Guiviv's Armour Emporium.
 21829 | Elf:3    | Entered Level 3 of the Elven Halls
 22054 | Elf:3    | Found Usilesula's Antique Armour Shoppe.
 22058 | Elf:3    | Noticed Nikola
 22074 | Elf:3    | Killed Nikola
 22074 | Elf:3    | Reached skill level 18 in Invocations
 22074 | Elf:3    | Reached XP level 17. HP: 133/133 MP: 28/30
 22171 | Elf:3    | Noticed a deep elf master archer
 22456 | Elf:3    | Noticed a deep elf master archer
 22459 | Elf:3    | Noticed a deep elf blademaster
 22493 | Elf:2    | Killed a deep elf blademaster
 22493 | Elf:2    | Reached skill level 10 in Evocations
 22521 | Elf:3    | Killed a deep elf master archer
 22524 | Elf:3    | Noticed a deep elf blademaster
 22550 | Elf:3    | Killed a deep elf blademaster
 22551 | Elf:3    | Noticed a deep elf blademaster
 22577 | Elf:3    | Killed a deep elf blademaster
 22705 | Elf:3    | Noticed a Brimstone Fiend
 22960 | Elf:3    | Noticed a Hell Sentinel
 22994 | Elf:3    | Killed a deep elf master archer
 23089 | Elf:3    | Identified the ring of Poiduni {rC+ EV+4} (You found it on
                  | level 2 of the Elven Halls)
 23129 | Elf:3    | Noticed a deep elf master archer
 23129 | Elf:3    | Noticed a deep elf master archer
 23129 | Elf:3    | Noticed a deep elf blademaster
 23130 | Elf:3    | Noticed a deep elf blademaster
 23140 | Elf:3    | Killed a deep elf blademaster
 23142 | Elf:3    | Killed a deep elf master archer
 23143 | Elf:3    | Killed a deep elf blademaster
 23151 | Elf:3    | Killed a deep elf master archer
 23242 | Elf:3    | Identified the Reference Book on the Igneous Oath
 23269 | Elf:3    | Found the +6 arbalest "Damnation" {damnation}
 23395 | Elf:3    | Got a fine helmet
 23406 | Elf:3    | Identified the +0 helmet of Caykikk {rF- Str+2 Int+5} (You
                  | found it on level 3 of the Elven Halls)
 23666 | Snake:1  | Entered Level 1 of the Snake Pit
 23900 | Snake:1  | Found Byth's Magic Scroll Shop.
 23908 | Snake:1  | Bought a scroll of blinking for 105 gold pieces
 23908 | Snake:1  | Bought a scroll of remove curse for 42 gold pieces
 23908 | Snake:1  | Bought a scroll of remove curse for 42 gold pieces
 23908 | Snake:1  | Bought a scroll of identify for 28 gold pieces
 23908 | Snake:1  | Bought a scroll of identify for 28 gold pieces
 23908 | Snake:1  | Bought a scroll of identify for 28 gold pieces
 23908 | Snake:1  | Bought a scroll of summoning for 133 gold pieces
 23908 | Snake:1  | Bought a scroll of teleportation for 42 gold pieces
 23908 | Snake:1  | Bought a scroll of remove curse for 42 gold pieces
 23908 | Snake:1  | Bought a scroll of vulnerability for 105 gold pieces
 24047 | Snake:1  | Reached skill level 19 in Invocations
 24308 | Snake:2  | Reached XP level 18. HP: 141/141 MP: 31/31
 25070 | Snake:3  | Noticed Bai Suzhen
 25099 | Snake:3  | Killed Bai Suzhen
 25180 | Snake:3  | Noticed Roxanne
 25206 | Snake:3  | Killed Roxanne
 25223 | Snake:3  | Identified the +1 ring mail of a Hundred Princes {rPois
                  | Int+5} (You found it on level 3 of the Snake Pit)
 25424 | Snake:3  | Found Yqur's Jewellery Boutique.
 25424 | Snake:3  | Found Meliogry's Gadget Emporium.
 25425 | Snake:3  | Found Rakke's Gadget Emporium.
 25901 | Snake:4  | Entered Level 4 of the Snake Pit
 26060 | Snake:4  | Reached skill level 20 in Invocations
 26069 | Snake:4  | Found a runed translucent gate.
 26069 | Snake:4  | Found a runed translucent gate.
 26069 | Snake:4  | Found a runed translucent gate.
 26384 | Snake:4  | Reached XP level 19. HP: 149/149 MP: 29/33
 26452 | Snake:4  | Got a serpentine rune of Zot
 26478 | Snake:4  | Noticed Donald
 26498 | Snake:4  | Killed Donald
 26756 | Snake:4  | Found Apey's Gadget Shop.
 27026 | Snake:4  | Identified the +4 ring mail of Midnight {Harm rF+ Stlth+}
                  | (You found it on level 4 of the Snake Pit)
 27196 | Swamp:1  | Entered Level 1 of the Swamp
 27460 | Swamp:1  | Noticed Frances
 27476 | Swamp:1  | Killed Frances
 28046 | Swamp:2  | Reached skill level 10 in Stealth
 28953 | Swamp:3  | Reached skill level 21 in Invocations
 29307 | Swamp:4  | Entered Level 4 of the Swamp
 29545 | Swamp:4  | Noticed Kirke
 29560 | Swamp:4  | Killed Kirke
 29859 | Swamp:4  | Got a decaying rune of Zot
 30551 | Vaults:1 | Entered Level 1 of the Vaults
 30577 | Vaults:1 | Reached XP level 20. HP: 158/158 MP: 34/34
 32013 | Vaults:2 | Found a runed translucent gate.
 32013 | Vaults:2 | Noticed Keaj's ghost (adept FeCK)
 32014 | Vaults:2 | Found a runed translucent gate.
 32014 | Vaults:2 | Found an ancient bone altar of Kikubaaqudgha.
 32014 | Vaults:2 | Found a runed translucent gate.
 32014 | Vaults:2 | Noticed an ancient lich
 32014 | Vaults:2 | Noticed Vusucy's ghost (adept GrEE)
 32014 | Vaults:2 | Noticed Kuqudo's ghost (adept DDFi)
 32320 | Vaults:2 | Reached skill level 22 in Invocations
 32675 | Vaults:2 | Noticed Asterion
 32695 | Vaults:2 | Killed Asterion
 33308 | Vaults:2 | Killed an ancient lich
 33310 | Vaults:2 | Killed Kuqudo's ghost
 33310 | Vaults:2 | Reached XP level 21. HP: 68/166 MP: 36/36
 33310 | Vaults:2 | Killed Vusucy's ghost
 33312 | Vaults:2 | Killed Keaj's ghost
 33383 | Vaults:2 | Got a glittering amethyst amulet
 33397 | Vaults:2 | Identified Kikubaaqudgha's Papyrus of Necromancy
 33404 | Vaults:2 | Identified the cursed -7 hat "Boegu" {Str+6} (You found it
                  | on level 2 of the Vaults)
 33411 | Vaults:2 | Identified the amulet of the Invisible Hand {Acrobat +Blink
                  | Int+4 Dex+4 Slay-4} (You found it on level 2 of the Vaults)
 33415 | Vaults:2 | Got a glittering lead ring
 33416 | Vaults:2 | Identified the ring of the Forgotten Lovers {rF+ Dex+3
                  | SInv} (You found it on level 2 of the Vaults)
 33475 | Vaults:3 | Noticed Mara
 33526 | Vaults:3 | Killed Mara
 33844 | Vaults:3 | Found a staircase to the Crypt.
 34361 | Vaults:3 | Reached skill level 15 in Short Blades
 34586 | Vaults:3 | Reached skill level 23 in Invocations
 34858 | Vaults:3 | Got a warped golden ring
 34956 | Vaults:4 | Identified the ring of Knowledge {rPois rC+++ Int-5 Slay-6
                  | SInv} (You found it on level 3 of the Vaults)
 35645 | Vaults:4 | Reached skill level 15 in Fighting
 35662 | Vaults:4 | Found a portal to a secret trove of treasure.
 35687 | Vaults:4 | Found Xojaqaa's Distillery.
 35697 | Vaults:4 | Bought a potion of magic for 128 gold pieces
 35697 | Vaults:4 | Bought a potion of brilliance for 64 gold pieces
 35697 | Vaults:4 | Bought a potion of flight for 48 gold pieces
 35697 | Vaults:4 | Bought a potion of heal wounds for 80 gold pieces
 35697 | Vaults:4 | Bought 2 potions of heal wounds for 160 gold pieces
 35697 | Vaults:4 | Bought a potion of heal wounds for 80 gold pieces
 35697 | Vaults:4 | Bought a potion of stabbing for 64 gold pieces
 35697 | Vaults:4 | Bought a potion of curing for 48 gold pieces
 35697 | Vaults:4 | Bought a potion of curing for 48 gold pieces
 35697 | Vaults:4 | Bought a potion of invisibility for 128 gold pieces
 36477 | Depths:1 | Entered Level 1 of the Depths
 36477 | Depths:1 | Found a one-way gate to the infinite horrors of the Abyss.
 36672 | Depths:1 | Found a one-way gate leading to the halls of Pandemonium.
 36699 | Depths:1 | Gained mutation: You resist negative energy. (rN+) [demonic
                  | ancestry]
 36699 | Depths:1 | Reached XP level 22. HP: 175/175 MP: 37/37
 37048 | Depths:1 | Found Soysch's Elemental Accessories.
 37178 | Depths:1 | Noticed a golden dragon
 37201 | Depths:1 | Killed a golden dragon
 37256 | Depths:1 | Found a gateway to Hell.
 38033 | Depths:2 | Found Piesor's Assorted Antiques.
 38089 | Depths:2 | Noticed the Enchantress
 38098 | Depths:2 | Killed the Enchantress
 38181 | Depths:2 | You fall into a shaft and drop 2 floors!
 38496 | Depths:4 | Noticed Saint Roka
 38518 | Depths:4 | Killed Saint Roka
 38518 | Depths:4 | Reached skill level 24 in Invocations
 38540 | Depths:4 | Found a gateway to a ziggurat.
 38895 | Depths:4 | Found a runed translucent door.
 38897 | Depths:4 | Noticed a golden dragon
 39207 | Depths:4 | Killed a golden dragon
 39224 | Depths:4 | Got a transparent iron ring
 39225 | Depths:4 | Identified the ring "Kytuufap" {+Fly rF+ Str+4 Slay-6
                  | Stlth-} (You found it on level 4 of the Depths)
 39233 | Depths:4 | Identified the +1 pair of boots of the Shining Light {rC+
                  | Dex+4} (You found it on level 4 of the Depths)
 39406 | Depths:3 | Gained mutation: You regenerate a lot of health from kills.
                  | [demonic ancestry]
 39406 | Depths:3 | Reached XP level 23. HP: 125/182 MP: 34/39
 39503 | Depths:3 | Found the +8 frozen axe "Frostbite" {freezing cloud, *Noise
                  | +Fly rC+}
 39682 | Depths:3 | Found Yzxev's Weapon Shoppe.
 40456 | Depths:2 | Bought a crude marble ring for 150 gold pieces
 40456 | Depths:2 | Identified the ring of Unuanyun {rElec rPois rC- rN+++
                  | Str-4} (You bought it in a shop on level 2 of the Depths)
 40494 | Depths:2 | Found Gygeyppo's Goods Gallery.
 40626 | Depths:2 | Noticed a juggernaut
 40653 | Depths:2 | Killed a juggernaut
 40916 | Depths:2 | Reached skill level 25 in Invocations
 41011 | Depths:2 | Found the +12 glaive of Prune {vorpal}
 41735 | Depths:5 | Entered Level 5 of the Depths
 42172 | Depths:5 | Found Biry's Armour Shop.
 42176 | Depths:5 | Bought the +4 moon troll leather armour {Spirit, Regen++
                  | MP+5} for 1253 gold pieces
 42176 | Depths:5 | Found the +4 moon troll leather armour {Spirit, Regen++
                  | MP+5}
 42242 | Depths:5 | Reached XP level 24. HP: 161/191 MP: 39/39
 42401 | Depths:5 | Reached skill level 15 in Dodging
 42402 | Depths:5 | Reached skill level 15 in Evocations
 42478 | Depths:5 | Found a runed translucent door.
 42478 | Depths:5 | Found a runed translucent door.
 42646 | Depths:5 | Found a runed translucent door.
 42646 | Depths:5 | Found a runed translucent door.
 42659 | Depths:5 | Found a gate to the Realm of Zot.
 42682 | Depths:5 | Found a runed translucent door.
 42705 | Depths:5 | Found a runed translucent door.
 43646 | Vaults:5 | Entered Level 5 of the Vaults
 43749 | Vaults:5 | Reached skill level 15 in Armour
 43801 | Vaults:5 | Noticed Jory
 43878 | Vaults:5 | Killed Jory
 44021 | Vaults:5 | Noticed Sojobo
 44054 | Vaults:5 | Killed Sojobo
 44117 | Vaults:5 | Reached XP level 25. HP: 200/200 MP: 16/39
 44218 | Vaults:5 | Identified the Papyrus of Glacial Stones
 44240 | Vaults:5 | Identified the +0 pair of gloves "Ythraanag" {rPois Int+2}
                  | (You found it on level 5 of the Vaults)
 44401 | Vaults:5 | Identified the Guide on the Ashen Voyage
 44618 | Vaults:5 | Noticed an ancient lich
 44630 | Vaults:5 | Killed an ancient lich
 44967 | Vaults:5 | Identified the Almanac of the Ghastly Arsonist
 44980 | Vaults:5 | Identified the +8 lajatang "Dragonslayer" {vorpal, Str+3}
 45045 | Vaults:5 | Found Ziaqekhla's Magic Scroll Shoppe.
 45051 | Vaults:5 | Bought a scroll of identify for 42 gold pieces
 45051 | Vaults:5 | Bought a scroll of immolation for 73 gold pieces
 45051 | Vaults:5 | Bought a scroll of identify for 42 gold pieces
 45051 | Vaults:5 | Bought a scroll of remove curse for 63 gold pieces
 45051 | Vaults:5 | Bought a scroll of teleportation for 63 gold pieces
 45051 | Vaults:5 | Bought a scroll of enchant armour for 157 gold pieces
 45051 | Vaults:5 | Bought a scroll of identify for 42 gold pieces
 45051 | Vaults:5 | Bought 2 scrolls of enchant armour for 315 gold pieces
 45051 | Vaults:5 | Bought a scroll of fear for 73 gold pieces
 45051 | Vaults:5 | Bought a scroll of remove curse for 63 gold pieces
 45051 | Vaults:5 | Bought a scroll of identify for 42 gold pieces
 45052 | Vaults:5 | Found the +2 ratskin cloak {*Rats rPois rN+ Str-1 Int-1
                  | Dex+1}
 45284 | Vaults:5 | Noticed Frederick
 45303 | Vaults:5 | Killed Frederick
 45303 | Vaults:5 | Reached skill level 15 in Stealth
 45312 | Vaults:5 | Got a silver rune of Zot
 45341 | Vaults:5 | Reached skill level 26 in Invocations
 45541 | Vaults:5 | Identified the +3 chain mail "Tudasan" {Int+3 Dex+3} (You
                  | found it on level 5 of the Vaults)
 45877 | Slime:1  | Entered Level 1 of the Pits of Slime
 46248 | Slime:3  | Gained mutation: You do not regenerate when monsters are
                  | visible. [a shining eye]
 47824 | Slime:5  | Entered Level 5 of the Pits of Slime
 48388 | Slime:5  | Noticed the Royal Jelly
 48389 | Slime:5  | Found a viscous altar of Jiyva.
 48843 | Slime:5  | Lost mutation: You do not regenerate when monsters are
                  | visible. [potion of mutation]
 48843 | Slime:5  | Gained mutation: You are agile. (Dex +2) [potion of
                  | mutation]
 48843 | Slime:5  | Gained mutation: You possess an exceptional clarity of
                  | mind. [potion of mutation]
 48843 | Slime:5  | Gained mutation: You are somewhat resistant to further
                  | mutation. [potion of mutation]
 48944 | Slime:5  | Gained mutation: You are somewhat able to resist unholy
                  | torments (1 in 2 success). [demonic ancestry]
 48944 | Slime:5  | Reached XP level 26. HP: 209/209 MP: 40/40
 49117 | Slime:5  | Killed the Royal Jelly
 49273 | Slime:5  | Got a slimy rune of Zot
 49312 | Slime:5  | Identified Koni's Guide on Dark Secrets and the Traveller
 49321 | Slime:5  | Identified the Compendium of the Arsonist
 49325 | Slime:5  | Identified Ushrefallo's Guide on Dislocation and the
                  | Glacier
 49356 | Slime:5  | Identified the ring "Hosodyje" {*Tele rElec Str+7 Int-2}
                  | (You found it on level 5 of the Pits of Slime)
 49882 | Zot:1    | Entered Level 1 of the Realm of Zot
 50027 | Zot:1    | Reached skill level 1 in Spellcasting
 50354 | Zot:1    | Learned a level 2 spell: Wereblood
 50515 | Zot:1    | Reached skill level 1 in Transmutations
 51716 | Zot:2    | Gained mutation: Your body sometimes deteriorates upon
                  | taking damage. [mutagenic glow]
 51741 | Zot:2    | Gained mutation: Your spells are a little easier to cast,
                  | but a little less powerful. [mutagenic glow]
 51785 | Zot:2    | Gained mutation: Your body often deteriorates upon taking
                  | damage. [mutagenic glow]
 53434 | Zot:4    | Reached skill level 5 in Transmutations
 53703 | Zot:4    | Gained mutation: Your melee attacks may debilitate your
                  | foes. [demonic ancestry]
 53703 | Zot:4    | Reached XP level 27. HP: 217/217 MP: 32/40
 54308 | Zot:5    | Entered Level 5 of the Realm of Zot
 54545 | Zot:5    | Reached skill level 5 in Spellcasting
 54777 | Zot:5    | Noticed an orb of fire
 54789 | Zot:5    | Noticed an orb of fire
 54790 | Zot:5    | Killed an orb of fire
 54790 | Zot:5    | Noticed an orb of fire
 54791 | Zot:5    | Noticed an orb of fire
 54836 | Zot:4    | Killed from afar by an orb of fire

Illustrated notes

Levels and vault maps discovered:
D:1:      minmay_arrival_four_houses, layout_loops_cross, solitary_fountain
D:2:      layout_rooms, nicolae_overflow_crystal_walls,
          chequers_ecumenical_altar_simple_redux, minivault_11,
          minmay_pentomino_s2, uniq_sigmund
D:3:      layout_basic
D:4:      layout_rooms
D:5:      layout_cave_pools
D:6:      layout_loops_corners, minmay_temple_entry_butterflies, serial_shops,
          shop_statue, minmay_shop_grid_forest, st_stairs_8
D:7:      layout_loops_ring, nemelex_xobeh_ov_fountains_minmay
D:8:      layout_basic, uniq_grum
D:9:      layout_roguey, marbit_many_paths, grunt_temple_overflow_cloverleaf,
          enter_bailey_6
D:10:     layout_small_grid, grunt_lair_entry_orc_guard_hut
D:11:     layout_loops_ring, david_orc_2, portal_ice_cave_demonic_guard,
          ebering_ghost_inner_flame, gauntlet_entry_generic, minmay_the_grid_2x2
          [minmay_the_grid_garden, minmay_the_grid_diamond_grid,
          minmay_the_grid_stretched_grid, minmay_the_grid_prize_diamond_cup],
          uniq_erica
D:12:     layout_cave_pods, minmay_misc_feat_encased, chequers_arboretum
D:13:     layout_roguey, grunt_vaults_entry_tiered, grunt_ministairs_12,
          uniq_erolcha
D:14:     layout_basic, serial_co_window_serial, co_window_paths_b,
          co_window_paths_a, co_window_of_opportunity_a, co_window_cross_1,
          co_window_of_opportunity_a, co_window_of_opportunity_a,
          co_window_corner_a, co_window_broadway_c, co_window_cross_3,
          co_window_unsneaky_path_a, co_window_broadway_b, co_window_4corner_b,
          co_window_paths_d, glass_columns_a, glass_columns_a, glass_columns_a,
          elyvilon_altar_4, serial_bayou_pond_e, kb_tengu_band
D:15:     grunt_enter_depths_magical_seal, layout_basic, minivault_14,
          hangedman_decor_lopped
Lair:1:   layout_cave_pods, basic_altar, beast_lair_carwin_5, grunt_megastairs_2
Lair:2:   layout_gridlike, nicolae_swamp_entry_splash_gauntlet, uniq_sonja
Lair:3:   layout_hall_layers, guppyfry_snake_entry_garden, ebering_ghost_xom,
          patterned_corridor, uniq_rupert
Lair:4:   layout_small_grid, gammafunk_ghost_icy, lemuel_fruit_fields,
          uniq_nessos
Lair:5:   pond_and_an_island_with_a_cottage, layout_concentric_octagons,
          slime_altar_1, uniq_josephine, uniq_snorg
Lair:6:   minmay_lair_end_frog_pond, layout_misc_corridors
Swamp:1:  layout_falls_marsh, evilmike_swamp_ruin_rubble_1, hangedman_swamp_pad,
          uniq_frances
Swamp:2:  layout_falls_marsh, evilmike_swamp_ruin_house_3
Swamp:3:  layout_basic_swamp, evilmike_swamp_ruin_rubble_2
Swamp:4:  swamp_vile, layout_basic_swamp, uniq_kirke
Snake:1:  layout_onion_interference, serial_shops, shop_statue,
          grunt_ministairs_7
Snake:2:  layout_rooms, grunt_ministairs_5, st_stairs_1, serial_bayou_shore_a,
          grunt_megastairs_4
Snake:3:  layout_cave_pods, drop_trap, minmay_shop_grove, uniq_roxanne,
          uniq_bai_suzhen
Snake:4:  minmay_snake_end_coiled, layout_cave_town, serial_shops,
          nicolae_shop_competitors_out_of_business, nicolae_snake_horde_hoard,
          uniq_donald
Slime:1:  layout_caves, basic_altar
Slime:2:  layout_caves
Slime:3:  layout_caves, cheibrodos_slime_lost_civilization_5
Slime:4:  layout_caves
Slime:5
Orc:1:    layout_caves
Orc:2:    st_orc_open, layout_diamond_mine, gammafunk_ghost_berserking_beasts
Elf:1:    eino_elf_arrival_sip, layout_loops_corners, gammafunk_ghost_grave,
          kennysheep_underground_church
Elf:2:    layout_geoelf_octagon, serial_shops, shop, serial_sigils,
          serial_sigils_hangedman_quiver, serial_sigils_hangedman_scratch,
          serial_sigils_hangedman_snap, serial_sigils_hangedman_shear
Elf:3:    minmay_elf_hall, layout_loops_ring, serial_shops, shop_statue,
          minivault_4, uniq_nikola
Vaults:1: ontoclasm_vaults_fire_temple, vaults_dpeg_diagonal,
          hangedman_vaults_river_flow, vaults_dpeg_hooks, vaults_mumra_hexcomb,
          v_alt_pattern_2, ontoclasm_vaults_misaligned, serial_ice_b,
          ontoclasm_vaults_chip, v_misc_17, grunt_vaults_hallway_short,
          layout_vaults_chaotic_city
Vaults:2: gammafunk_vaults_ghost_crypt, v_misc_17, hangedman_vaults_stitches,
          vaults_mumra_minichess, nicolae_vaults_network_quinsquares
          [nicolae_vaults_network_quincunx_subvault,
          nicolae_vaults_network_quincunx_subvault,
          nicolae_vaults_network_quincunx_subvault,
          nicolae_vaults_network_quincunx_subvault],
          vaults_mumra_minichess_inversion, nicolae_vaults_border_crossing,
          vaults_room_stairs_pillars, ontoclasm_vaults_pinch,
          layout_vaults_omnigrid, uniq_asterion
Vaults:3: nicolae_vaults_little_squares_6, hangedman_vaults_variations,
          ontoclasm_vaults_ring_small, minmay_crypt_entry_simple_walls,
          hangedman_vaults_stagger, nicolae_vaults_big_ls, grunt_vaults_bifocal,
          ontoclasm_vaults_fault, hangedman_vaults_impose,
          hangedman_vaults_capsules, ontoclasm_vaults_eye, v_pattern_4,
          vaults_dpeg_doors, nicolae_vaults_rhombus_6, layout_vaults_maze,
          uniq_mara
Vaults:4: ontoclasm_vaults_claustrophobia, hangedman_vaults_corner, v_misc_8,
          grunt_vaults_swirl, st_hourglassy, hangedman_vaults_trim,
          v_alt_pattern_4, hangedman_vaults_snaps, ontoclasm_vaults_ring_small,
          v_misc_19, vaults_room_corners, nicolae_vaults_ring_of_whatevers,
          ontoclasm_vaults_decontamination, nicolae_vaults_little_squares_3,
          layout_vaults_omnibox, nicolae_trove_entry_diagonal, serial_shops,
          shop
Vaults:5: uniq_sojobo, uniq_jory, uniq_frederick
Depths:1: layout_cave_pools, pf_coc_iceberg, abyss_entry, serial_rivers,
          chequers_serial_rivers_large_a, chequers_serial_rivers_micro_d,
          chequers_serial_rivers_small_a, chequers_serial_rivers_small_3,
          chequers_serial_rivers_marsh, pan_entry, st_stairs_14,
          minmay_misc_feat_secret_circle, nicolae_elemental_shop,
          kennysheep_two_boxes
Depths:2: lemuel_traditional_vault, layout_cave_pools, serial_shops,
          nicolae_shop_competitors_out_of_business, hell_entry,
          hangedman_decor_points, nicolae_alphabet_shops, roderic_roman_lattice,
          minivault_16, uniq_enchantress
Depths:3: grunt_x_marks_the_spot, layout_cave_pools, hangedman_decor_opposing,
          pan_entry, grunt_mini_vestibule, serial_shops, kennysheep_mini_moat,
          infiniplex_staircase_pool_2, serial_bayou_shore_b
Depths:4: minmay_gate_of_8, layout_honeycomb, enter_ziggurat_e, hell_entry,
          abyss_entry, hangedman_decor_diamond_cutter, grunt_megastairs_1,
          infiniplex_staircase_door_maze, uniq_saint_roka
Depths:5: evilmike_zot_entry_castle, layout_basic, hex_intersection,
          hellmouth_1, pan_entry, serial_shops, shop_fountains,
          lemuel_old_faithful
Zot:1:    layout_concentric_octagons, st_stairs_5, hangedman_snake_sidewinding,
          grunt_megastairs_3
Zot:2:    layout_gridlike, drop_trap, st_stairs_9
Zot:3:    layout_gridville
Zot:4:    layout_twisted_circle
Zot:5:    layout_cathedral_of_symmetry

Skill      XL: |  1  2  3  4  5  6  7  8  9 10 11 12 13 14 15 16 17 18 19 20 21 22 23 24 25 26 27 |
---------------+----------------------------------------------------------------------------------+-----
Dodging        | 2 3 4 5 6 7 8 9 10 11 12 13 14 15 16 17 | 17.0
Stealth        | 5 6 7 8 9 10 11 12 13 14 15 16 | 16.3
Fighting       | 4 5 6 7 8 9 10 11 12 13 14 15 16 17 18 | 18.4
Armour         | 1 2 3 4 5 6 7 8 9 10 11 12 13 14 15 16 | 16.7
Invocations    | 4 7 9 10 12 13 15 16 18 19 20 21 22 23 24 25 26 | 26.9
Axes           | 2 3 4 5 6 |  6.8
Short Blades   | 2 4 5 7 8 9 11 12 13 14 15 16 17 18 | 18.0
Evocations     | 2 4 5 6 7 9 10 11 12 13 14 15 16 17 | 17.3
Spellcasting   | 4 5 |  5.3
Transmutations | 5 7 |  7.2
Long Blades    | |  1.7

Action                   |  1- 3 |  4- 6 |  7- 9 | 10-12 | 13-15 | 16-18 | 19-21 | 22-24 | 25-27 || total
-------------------------+-------+-------+-------+-------+-------+-------+-------+-------+-------++-------
Melee: Hand axe          |     2 |    38 |   307 |   457 |       |       |       |       |       ||   804
       Kick              |       |    16 |   102 |   286 |   627 |   616 |  1040 |  1067 |  1344 ||  5098
       Quick blade       |       |       |       |   228 |  1512 |  1570 |  2340 |  2062 |  2267 ||  9979
 Cast: Wereblood         |       |       |       |       |       |       |       |       |     7 ||     7
Invok: Grand Finale      |       |       |       |       |       |     1 |       |     1 |     1 ||     3
       Stomp             |       |       |       |       |       |       |       |     2 |     3 ||     5
       Line Pass         |       |       |       |       |       |       |       |       |     2 ||     2
Evoke: Wand              |       |       |       |     5 |       |       |     5 |       |     2 ||    12
       Condenser vane    |       |       |       |       |       |       |     1 |       |     2 ||     3
       Box of beasts     |       |       |       |       |       |       |       |     2 |     3 ||     5
       Tin of tremorston |       |       |       |       |       |       |       |     2 |       ||     2
       Phantom mirror    |       |       |       |       |       |       |       |       |     1 ||     1
       Phial of floods   |       |       |       |       |       |       |       |       |     1 ||     1
  Use: Potion            |       |       |       |     3 |       |       |     1 |     3 |    11 ||    18
       Scroll            |       |       |       |    19 |     8 |    10 |     8 |     3 |    13 ||    61
 Stab: Sleeping          |       |     1 |    16 |    12 |     8 |    12 |    35 |     9 |    47 ||   140
       Paralysed         |       |       |     8 |    40 |   106 |   109 |   154 |   127 |   113 ||   657
       Distracted        |       |       |       |       |     2 |       |     1 |     4 |    10 ||    17
       Invisible         |       |       |       |       |       |       |       |     4 |       ||     4
Armor: Leather armour    |       |     8 |    31 |       |       |       |       |       |       ||    39
       Robe              |       |       |    30 |    43 |       |       |       |       |       ||    73
       Scale mail        |       |       |       |    76 |   259 |   254 |   336 |   258 |       ||  1183
       Troll leather arm |       |       |       |       |       |       |       |    33 |   324 ||   357
Dodge: Dodged            |     2 |    24 |   253 |   504 |   651 |   662 |   907 |  1042 |  1376 ||  5421

Table legend: (Time is in decaauts)
 A = Elapsed time spent in this place.
 B = Non-inter-level travel time spent in this place.
 C = Inter-level travel time spent in this place.
 D = Time resting spent in this place.
 E = Time spent auto-exploring this place.
 F = Levels seen in this place.
 G = Mean time per level.
                   A        B        C        D        E       F      G
               +--------+--------+--------+--------+--------+-----+--------+
         Total |  48399 |  43218 |   5181 |   3073 |  28535 |  56 |  864.3 |
       Dungeon |  12910 |  10757 |   2153 |    861 |   7325 |  15 |  860.7 |
          Lair |   5093 |   4471 |    622 |    204 |   3328 |   6 |  848.8 |
         Swamp |   2827 |   2648 |    179 |     16 |   1906 |   4 |  706.8 |
     Snake Pit |   2853 |   2628 |    225 |      0 |   1853 |   4 |  713.2 |
    Slime Pits |   3127 |   2952 |    175 |    662 |   1478 |   5 |  625.4 |
  Orcish Mines |   1405 |   1250 |    155 |    100 |    889 |   2 |  702.5 |
   Elven Halls |   3050 |   2794 |    256 |    188 |   1705 |   3 | 1016.7 |
        Vaults |   6613 |   5994 |    619 |    311 |   4006 |   5 | 1322.6 |
        Depths |   5238 |   4554 |    684 |    106 |   3197 |   5 | 1047.6 |
           Zot |   4167 |   4058 |    109 |    479 |   2643 |   5 |  833.4 |
        Bailey |    481 |    481 |      0 |     11 |    198 |   1 |  481.0 |
      Gauntlet |    630 |    630 |      0 |    135 |      4 |   1 |  630.0 |
               +--------+--------+--------+--------+--------+-----+--------+

Top non-repeatable levels by time:
Vaults:5: 1415 daAuts
Vaults:2: 1411 daAuts
   Elf:3: 1409 daAuts
Depths:5: 1366 daAuts
Vaults:4: 1288 daAuts
Vaults:1: 1278 daAuts
    D:14: 1250 daAuts
Vaults:3: 1219 daAuts
    D:11: 1158 daAuts
Depths:2: 1157 daAuts
   Elf:1: 1134 daAuts
   Zot:1: 1082 daAuts
   Zot:4: 1074 daAuts
 Slime:5: 1060 daAuts
     D:8: 1054 daAuts
